 Dungeon Crawl Stone Soup version 0.22-a0-402-ga933591 (webtiles) character file.

34 Borgoz the Skirmisher (level 3, -2/24 HPs)
             Began as a Gargoyle Monk on May 6, 2018.
             Slain by Sigmund
             ... wielding a +1 scythe of distortion
              (17 damage)
             ... on level 2 of the Dungeon.
             The game lasted 00:01:55 (1023 turns).

Borgoz the Skirmisher (Gargoyle Monk)               Turns: 1023, Time: 00:01:57

Health: -2/24      AC:  5    Str: 14    XL:     3   Next: 31%
Magic:  3/3        EV: 13    Int: 10    God:
Gold:   94         SH:  0    Dex: 13    Spells: 2/2 levels left

rFire    . . .     SeeInvis .   a - +0 short sword
rCold    . . .     Gourm    .   (no shield)
rNeg     + . .     Faith    .   b - +0 robe
rPois    ∞         Spirit   .   (no helmet)
rElec    +         Reflect  .   (no cloak)
rCorr    .         Harm     .   (no gloves)
MR       .....                  (no boots)
Stlth    +.........             (no amulet)
HPRegen  0.08/turn              (no ring)
MPRegen  0.08/turn              (no ring)

@: confused
A: negative energy resistance 1, electricity resistance, unbreathing,
petrification resistance, rot immunity, AC +3
a: no special abilities


You were on level 2 of the Dungeon.
You were not hungry.

You visited 1 branch of the dungeon, and saw 2 of its levels.

You collected 94 gold pieces.

Inventory:

Hand Weapons
 a - a +0 short sword (weapon)
Armour
 b - a +0 robe (worn)
Jewellery
 d - an uncursed amulet of magic regeneration
 e - a +2 amulet of reflection {unknown}
Scrolls
 g - a scroll of enchant weapon {unknown}
 j - a scroll of identify {unknown}
Potions
 f - a potion of curing
Comestibles
 c - a ration
 i - 4 chunks of flesh


   Skills:
 + Level 3.8 Fighting
 + Level 3.1 Short Blades
 + Level 2.8 Dodging
 - Level 2.1 Stealth


You had 2 spell levels left.
You didn't know any spells.

Dungeon Overview and Level Annotations

Branches:
Dungeon (2/15)

Altars:
Xom

Annotations:
D:2 Sigmund


Innate Abilities, Weirdness & Mutations

You are resistant to torment.
Your stone body is resilient. (AC +3)
You are immune to poison.
You resist negative energy. (rN+)
You are resistant to electric shocks. (rElec)
You can survive without breathing.
You are immune to petrification.
You are immune to rotting.


Message History

You hit the bat.
You kill the bat!
No target in view!
No target in view!
There is a stone staircase leading down here.
Found a robe.
Sigmund the Dreaded comes into view.
He is wielding a scythe of distortion.
Sigmund mumbles some strange words.
Sigmund flickers and vanishes!
Deactivating autopickup; reactivate with Ctrl-A.
Okay, then.
It was a potion of curing.
You feel better.
It was a potion of ambrosia.
You are confused.
You feel invigorated.
You're too confused to move!
Something completely misses you. Something hits you!
Space warps horribly around you!
Ouch! That really hurt!
You die...

### #.# ########.#
.......@.#
########.##### #.....#
#####.# # #.#
#.###############.#
#...............#.#
#.#.................#
..#.#...[..##....##.###


There were no monsters in sight!

Vanquished Creatures
  An adder (D:2)
  A worm (D:2)
  3 bats
  7 goblins
  A hobgoblin (D:2)
  4 jackals (D:2)
  A frilled lizard (D:1)
  A kobold (D:1)
  2 rats (D:1)
21 creatures vanquished.

Notes
Turn   | Place    | Note
-------+----------+-------------------------------------------
     0 | D:1      | Borgoz the Gargoyle Monk began the quest for the Orb.
     0 | D:1      | Reached XP level 1. HP: 14/14 MP: 1/1
   102 | D:1      | Reached XP level 2. HP: 19/19 MP: 2/2
   778 | D:1      | Found a shimmering altar of Xom.
   864 | D:2      | Reached XP level 3. HP: 22/24 MP: 3/3
  1017 | D:2      | Noticed Sigmund
  1023 | D:2      | Slain by Sigmund

Vault maps used:
D:1:      dpeg_arrival_water_altar
D:2:      nicolae_gozag_cash_rules_everything_around_me, hangedman_glass_teeth,
          due_unseen_surprise, uniq_sigmund

Skill      XL: |  1  2 |
---------------+-------+-----
Short Blades   | 3 |  3.1
Fighting       | |  3.8
Dodging        | |  2.8
Stealth        | |  2.1

Action                   || total
-------------------------++-------
Melee: Short sword       ||    72
  Use: Potion            ||     2
 Stab: Sleeping          ||     3
Armor: Robe              ||    15
Dodge: Dodged            ||    55

Table legend:
 A = Spawn XP
 B = Non-spawn XP
 C = Spawn XP percentage of total XP
 D = Spawn monster count
 E = Non-spawn monster count
 F = Spawn count percentage of total count
 G = Total turns spent on level
                    A         B        C        D         E        F      G
               +---------+---------+-------+---------+---------+-------+---------
         Total |       0 |      49 |   0.0 |       0 |      21 |   0.0 |  1023
               +---------+---------+-------+---------+---------+-------+---------
           D:1 |       0 |      18 |   0.0 |       0 |      12 |   0.0 |   792
           D:2 |       0 |      31 |   0.0 |       0 |       9 |   0.0 |   231
               +---------+---------+-------+---------+---------+-------+---------
